 Dungeon Crawl Stone Soup version 0.30-a0-174-gbc10bd73c2 (webtiles) character file.

Game seed: 3702183033585387372

6055 qw the Cleaver (level 10, 0/64 HPs)
             Began as a Gargoyle Fighter on Oct 1, 2022.
             Was a Priest of Okawaru.
             Slain by an elephant (7 damage)
             ... on level 1 of the Lair of Beasts.
             The game lasted 00:03:11 (8433 turns).

qw the Cleaver (Gargoyle Fighter)                   Turns: 8433, Time: 00:03:12

Health: 0/64       AC: 23    Str: 24    XL:     10   Next: 87%
Magic:  12/13      EV:  9    Int:  9    God:    Okawaru [***...]
Gold:   562        SH: 11    Dex:  9    Spells: 9/9 levels left

rFire   . . .      SeeInvis .    Y - +0 war axe
rCold   + . .      Faith    .    c - +0 buckler
rNeg    + . .      Spirit   .    i - +0 plate armour
rPois   inf        Reflect  +    (no helmet)
rElec   +          Harm     .    f - +0 cloak
rCorr   .          Rampage  .    (no gloves)
Will    .....                    (no boots)
Stlth   ..........               l - amulet of reflection
HPRegen 0.30/turn                p - ring of protection from cold
MPRegen 0.13/turn                (no ring)

@: about to teleport, heroic
A: sickness immunity, AC +7, negative energy resistance 1, electricity
resistance, torment resistance 1, petrification resistance
a: Renounce Religion, Heroism


You were on level 1 of the Lair of Beasts.
You worshipped Okawaru.
Okawaru was most pleased with you.
You visited 3 branches of the dungeon, and saw 10 of its levels.

You collected 562 gold pieces.


Innate Abilities, Weirdness & Mutations

You are immune to sickness and miasma.
Your stone body is resilient. (AC +7)
You are immune to poison.
You resist negative energy. (rN+)
You are resistant to electric shocks. (rElec)
You are resistant to unholy torment.
You are immune to petrification.


   Skills:
 - Level 8.0(13.0) Fighting
 + Level 10.8(15.8) Axes
 - Level 2.9(7.9) Throwing
 - Level 6.2(11.2) Armour
 - Level 3.0(8.0) Dodging
 - Level 5.1(10.1) Shields
 - Level 4.0 Invocations


You had 9 spell levels left.
You didn't know any spells.
Your spell library was empty.

Inventory:

Hand Weapons
 q - a +1 morningstar
 Y - a +0 war axe (weapon)
Missiles
 a - 11 boomerangs
 n - 3 silver boomerangs (quivered)
Armour
 c - a +0 buckler (worn)
 f - a +0 cloak (worn)
 i - a +0 plate armour (worn)
 m - the +3 leather armour of the Swamp {rElec Regen+ rCorr}
   (You found it on level 7 of the Dungeon)

   rElec:     It insulates you from electricity.
   Regen:     It increases your rate of health regeneration.
   rCorr:     It protects you from acid and corrosion.
Jewellery
 l - an amulet of reflection (around neck)
 p - a ring of protection from cold (left hand)
Scrolls
 b - a scroll of teleportation
 e - 6 scrolls of identify
Potions
 d - a potion of might
 g - 6 potions of heal wounds
 j - 2 potions of curing
 k - a potion of attraction
 o - 3 potions of lignification

Dungeon Overview and Level Annotations

Branches:
Dungeon (8/15)             Temple (1/1) D:5            Lair (1/5) D:8

Altars:
Ashenzari
Cheibriados
Dithmenos
Elyvilon
Fedhas
Gozag
Hepliaklqana
Kikubaaqudgha
Makhleb
Nemelex Xobeh
Okawaru
Qazlal
Ru
Sif Muna
Trog
Uskayaw
Vehumet
Wu Jian
Xom
Yredelemnul
Zin
The Shining One

Annotations:
D:4 1 runed translucent door, qw's ghost, amateur GrFi
D:7 1 runed translucent door, Crazy Yiuf


Message History

The elephant is severely wounded.
You hit the elephant but do no damage. You slash the elephant! x2
You hit the elephant but do no damage.
The elephant is severely wounded.
You hit the elephant but do no damage. You hit the elephant.
You hit the elephant but do no damage. You block the elephant's attack.
The elephant trunk-slaps you but does no damage.
The elephant tramples you but does no damage.
The elephant barely misses you. You block the elephant's attack.
The elephant trunk-slaps you but does no damage.
You block the elephant's attack.
The elephant trunk-slaps you but does no damage.
You hit the elephant but do no damage.
The elephant is severely wounded.
You completely miss the elephant. You hit the elephant but do no damage.
You hit the elephant.
The elephant barely misses you. x2; You block the elephant's attack.
The elephant trunk-slaps you but does no damage.
The elephant tramples you!
You hold your ground!
The elephant trunk-slaps you but does no damage.
You block the elephant's attack.
The elephant trunk-slaps you but does no damage.
You slash the elephant!
The elephant is almost dead.
You hit the elephant but do no damage. x3
You hit the elephant but do no damage.
The elephant is almost dead.
You hit the elephant. x2; You hit the elephant but do no damage.
The elephant tramples you!
You hold your ground!
The elephant misses you.
The elephant tramples you but does no damage.
The elephant closely misses you. The elephant barely misses you.
The elephant trunk-slaps you but does no damage.
The elephant tramples you.
You hold your ground!
The elephant trunk-slaps you but does no damage.
8433 ||| READING 2 scrolls of teleportation.
As you read the scroll of teleportation, it crumbles to dust.
You feel strangely unstable. The elephant tramples you!
You die...

.... ..8..
...... .8...8
......
##...8..
##Y......
#@Y..#
##YY.##
.#.###....#
.........##
...###..%#
.## . ##..%##
#.. #.....#
#.. #.>...#
..#
#...#.#####.#
## ##


You could see 4 elephants.

Vanquished Creatures
  Pikel (D:6)
  An elephant (Lair:1)
  A komodo dragon (Lair:1)
  Grinder (D:4)
  A hornet (D:7)
  Eustachio (D:6)
  5 yaks (Lair:1)
  A basilisk (Lair:1)
  Menkaure (D:4)
  4 water moccasins
  2 orc warriors (D:8)
  3 ice beasts
  A sky beast (D:8)
  4 black bears
  An ogre (D:5)
  3 centaurs
  3 lemures (D:6)
  3 phantoms
  2 gnoll sergeants
  3 bullfrogs (D:8)
  A necrophage (D:4)
  6 scorpions
  3 wights (D:8)
  A howler monkey (D:6)
  2 hounds
  5 orc priests
  Jessica (D:2)
  Terence (D:3)
  An iguana (D:7)
  Natasha (D:2)
  6 orc wizards
  7 gnolls
  7 adders
  A shadow imp (D:6)
  4 white imps
  A worm (D:2)
  3 dart slugs
  23 orcs
  9 endoplasms
  3 giant cockroaches
  7 goblins
  5 hobgoblins
  12 kobolds
  3 quokkas
  12 ball pythons
  7 bats
  4 frilled lizards
  2 rats
180 creatures vanquished.

Vanquished Creatures (others)
  44 fungi
  36 plants
  2 withered plants (D:4)
82 creatures vanquished.

Grand Total: 262 creatures vanquished

Notes
Turn   | Place    | Note
-------+----------+-------------------------------------------
     0 | D:1      | qw the Gargoyle Fighter began the quest for the Orb.
     0 | D:1      | Reached XP level 1. HP: 14/14 MP: 1/1
     0 | D:1      | 0 ||| qw: Version: 0.2-a-13-gfc7b4b4
     0 | D:1      | 0 ||| qw: Game counter: 1849
     0 | D:1      | 0 ||| qw: Always use a shield: true
     0 | D:1      | 0 ||| qw: God list: Okawaru
     0 | D:1      | 0 ||| qw: Allow faded altars: false
     0 | D:1      | 0 ||| qw: Do Orc after D:15 true
     0 | D:1      | 0 ||| qw: Do second Lair branch before Depths: true
     0 | D:1      | 0 ||| qw: Lair rune preference: random
     0 | D:1      | 0 ||| qw: Plans: Normal, Zot:1-4, God:TSO, Crypt, Tomb,
                  | Pan, Slime:5, Hells, Abyss, Orb
     0 | D:1      | 0 ||| PLANNING D:1-11
    62 | D:1      | Reached skill level 2 in Axes
   255 | D:1      | 255 ||| Stepping ~*~*~tactically~*~*~ (stealth).
   263 | D:1      | HP: 3/14 [hobgoblin (4)]
   324 | D:1      | Reached XP level 2. HP: 19/19 MP: 2/2
   996 | D:1      | 996 ||| READING scroll labelled EGUKHI XERHYQE.
   997 | D:1      | 997 ||| READING scroll labelled OBETISCH RATU.
   998 | D:1      | 998 ||| READING scroll labelled ZIBUTENYPI.
  1002 | D:1      | 1002 ||| DRINKING 2 pink potions.
  1130 | D:2      | Reached skill level 3 in Axes
  1172 | D:2      | Reached XP level 3. HP: 22/23 MP: 3/3
  1183 | D:2      | Noticed Natasha
  1195 | D:2      | Killed Natasha
  1238 | D:2      | 1238 ||| Stepping ~*~*~tactically~*~*~ (hiding).
  1241 | D:2      | 1241 ||| Stepping ~*~*~tactically~*~*~ (hiding).
  1330 | D:2      | Reached XP level 4. HP: 28/28 MP: 4/4
  1456 | D:2      | Noticed Jessica
  1460 | D:2      | Killed Jessica
  1461 | D:2      | Reached skill level 4 in Axes
  1611 | D:2      | Found a faded altar of an unknown god.
  1957 | D:2      | 1957 ||| UPGRADING to +0 cloak.
  1962 | D:2      | 1962 ||| READING scroll labelled XYNARA WONERCHI.
  1963 | D:2      | 1963 ||| READING scroll labelled DARANERYKI.
  2066 | D:3      | 2066 ||| DROPPING +0 club.
  2153 | D:3      | Reached XP level 5. HP: 32/32 MP: 5/5
  2156 | D:3      | 2156 ||| DROPPING +0 whip.
  2312 | D:3      | 2312 ||| Stepping ~*~*~tactically~*~*~ (stealth).
  2322 | D:3      | 2322 ||| Stepping ~*~*~tactically~*~*~ (stealth).
  2324 | D:3      | 2324 ||| Stepping ~*~*~tactically~*~*~ (stealth).
  2325 | D:3      | 2325 ||| Stepping ~*~*~tactically~*~*~ (stealth).
  2493 | D:3      | You fall into a shaft and drop 1 floor!
  2525 | D:4      | Reached skill level 5 in Axes
  2621 | D:4      | 2621 ||| Stepping ~*~*~tactically~*~*~ (stealth).
  2696 | D:4      | 2696 ||| UPGRADING to amulet of reflection.
  2701 | D:4      | 2701 ||| READING scroll labelled QAUGRE XIWEOTU.
  2702 | D:4      | 2702 ||| READING scroll labelled ZANGIF ASUR.
  2803 | D:4      | 2803 ||| DRINKING 2 fuming inky potions.
  2804 | D:4      | 2804 ||| DRINKING 2 inky potions.
  2909 | D:4      | 2909 ||| READING 4 scrolls of identify.
  2909 | D:4      | 2909 ||| IDENTIFYING silvery potion
  2910 | D:4      | 2910 ||| DROPPING potion of flight.
  2911 | D:4      | 2911 ||| DROPPING potion of berserk rage.
  3118 | D:3      | 3118 ||| Stepping ~*~*~tactically~*~*~ (hiding).
  3125 | D:3      | Reached skill level 1 in Throwing
  3125 | D:3      | Reached XP level 6. HP: 37/37 MP: 6/6
  3226 | D:3      | Noticed Terence
  3227 | D:3      | 3227 ||| Stepping ~*~*~tactically~*~*~ (hiding).
  3237 | D:3      | Killed Terence
  3502 | D:3      | 3502 ||| UPGRADING to +0 chain mail.
  3512 | D:3      | 3512 ||| DROPPING +0 scale mail.
  3513 | D:3      | 3513 ||| READING 2 scrolls labelled ITWUEXELEY.
  3514 | D:3      | 3514 ||| DROPPING scroll of fear.
  3538 | D:4      | Noticed Menkaure
  3542 | D:4      | Killed Menkaure
  3620 | D:4      | Reached XP level 7. HP: 44/44 MP: 7/7
  3662 | D:4      | Reached skill level 6 in Axes
  3840 | D:4      | Found a runed translucent door.
  3840 | D:4      | Noticed qw's ghost (amateur GrFi)
  3852 | D:4      | Noticed Grinder
  3861 | D:4      | Paralysed by Grinder for 3 turns
  3868 | D:4      | Paralysed by Grinder for 3 turns
  3875 | D:4      | Killed Grinder
  3876 | D:4      | Reached skill level 3 in Dodging
  3985 | D:4      | 3985 ||| Stepping ~*~*~tactically~*~*~ (stealth).
  4070 | D:4      | 4070 ||| Stepping ~*~*~tactically~*~*~ (stealth).
  4382 | D:4      | 4382 ||| READING scroll labelled EZEYSTINGA.
  4383 | D:4      | 4383 ||| READING 3 scrolls of identify.
  4383 | D:4      | 4383 ||| IDENTIFYING cyan potion
  4384 | D:4      | 4384 ||| READING 2 scrolls of identify.
  4384 | D:4      | 4384 ||| IDENTIFYING fizzy pink potion
  4385 | D:4      | 4385 ||| DROPPING potion of magic.
  4412 | D:5      | Entered Level 5 of the Dungeon
  4436 | D:5      | 4436 ||| Stepping ~*~*~tactically~*~*~ (hiding).
  4453 | D:5      | Reached XP level 8. HP: 33/48 MP: 8/8
  4458 | D:5      | 4458 ||| FLEEEEING.
  4459 | D:5      | 4459 ||| FLEEEEING.
  4460 | D:5      | 4460 ||| FLEEEEING.
  4461 | D:5      | 4461 ||| FLEEEEING.
  4462 | D:5      | 4462 ||| FLEEEEING.
  4463 | D:5      | 4463 ||| FLEEEEING.
  4464 | D:5      | 4464 ||| FLEEEEING.
  4465 | D:5      | 4465 ||| FLEEEEING.
  4466 | D:5      | 4466 ||| FLEEEEING.
  4467 | D:5      | 4467 ||| FLEEEEING.
  4468 | D:5      | 4468 ||| FLEEEEING.
  4469 | D:5      | 4469 ||| FLEEEEING.
  4470 | D:5      | 4470 ||| FLEEEEING.
  4471 | D:5      | 4471 ||| STAIRDANCE
  4570 | D:5      | 4570 ||| Stepping ~*~*~tactically~*~*~ (hiding).
  4599 | D:5      | 4599 ||| FLEEEEING.
  4642 | D:5      | Reached skill level 7 in Axes
  4654 | D:5      | 4654 ||| Stepping ~*~*~tactically~*~*~ (stealth).
  4746 | D:5      | Found a staircase to the Ecumenical Temple.
  4747 | D:5      | 4747 ||| PLANNING TEMPLE
  4747 | D:5      | 4747 ||| UPGRADING to +2 chain mail of poison resistance.
  4786 | D:5      | 4786 ||| UPGRADING to +2 chain mail of poison resistance.
  4791 | D:5      | 4791 ||| DROPPING +0 chain mail.
  4800 | Temple   | Entered the Ecumenical Temple
  4868 | Temple   | 4868 ||| PLANNING OKAWARU WORSHIP
  4976 | Temple   | Became a worshipper of Warmaster Okawaru
  4977 | Temple   | 4977 ||| PLANNING D:1-11
  5366 | D:5      | 5366 ||| DROPPING amulet of faith.
  5367 | D:5      | 5367 ||| READING 2 scrolls of identify.
  5367 | D:5      | 5367 ||| IDENTIFYING grey potion
  5368 | D:5      | 5368 ||| DROPPING potion of brilliance.
  5408 | D:6      | Noticed Pikel
  5427 | D:6      | Killed Pikel
  5427 | D:6      | Reached * piety under Okawaru
  5428 | D:6      | Reached skill level 9 in Axes
  5428 | D:6      | Reached XP level 9. HP: 35/54 MP: 9/9
  5428 | D:6      | 5428 ||| INVOKING Heroism.
  5516 | D:6      | Noticed Eustachio
  5517 | D:6      | 5517 ||| Stepping ~*~*~tactically~*~*~ (hiding).
  5519 | D:6      | 5519 ||| INVOKING Heroism.
  5520 | D:6      | 5520 ||| INVOKING Heroism.
  5521 | D:6      | 5521 ||| INVOKING Heroism.
  5533 | D:6      | 5533 ||| INVOKING Heroism.
  5539 | D:6      | Killed Eustachio
  5540 | D:6      | Reached skill level 1 in Invocations
  5623 | D:6      | 5623 ||| Stepping ~*~*~tactically~*~*~ (hiding).
  5696 | D:6      | 5696 ||| Stepping ~*~*~tactically~*~*~ (stealth).
  5697 | D:6      | 5697 ||| Stepping ~*~*~tactically~*~*~ (stealth).
  5728 | D:6      | 5728 ||| Stepping ~*~*~tactically~*~*~ (hiding).
  5749 | D:6      | 5749 ||| Stepping ~*~*~tactically~*~*~ (stealth).
  5852 | D:6      | Noticed a +0 spear
  5852 | D:6      | Noticed a +0 spear
  5853 | D:6      | Noticed a +0 dagger
  5853 | D:6      | Noticed a +0 falchion
  5853 | D:6      | Noticed a +0 dagger
  5855 | D:6      | Noticed a +0 short sword
  5857 | D:6      | Noticed a +0 falchion
  5859 | D:6      | Noticed a +0 short sword
  5875 | D:6      | Found a hide-covered altar of Uskayaw.
  5899 | D:6      | Reached skill level 6 in Fighting
  5899 | D:6      | Reached skill level 3 in Invocations
  6385 | D:6      | 6385 ||| UPGRADING to ring of protection from cold.
  6386 | D:6      | 6386 ||| READING scroll labelled XINUCR ERAY.
  6387 | D:6      | 6387 ||| READING scroll labelled WOM ADWIWIULUF.
  6388 | D:6      | 6388 ||| DRINKING 2 sedimented red potions.
  6489 | D:6      | 6489 ||| READING 3 scrolls of identify.
  6489 | D:6      | 6489 ||| IDENTIFYING viscous sapphire potion
  6490 | D:6      | 6490 ||| DROPPING potion of degeneration.
  6491 | D:6      | 6491 ||| DROPPING potion of ambrosia.
  6547 | D:7      | 6547 ||| INVOKING Heroism.
  6597 | D:7      | Noticed a hornet
  6606 | D:7      | 6606 ||| INVOKING Heroism.
  6617 | D:7      | Killed a hornet
  6640 | D:7      | 6640 ||| FLEEEEING.
  6641 | D:7      | 6641 ||| FLEEEEING.
  6642 | D:7      | 6642 ||| FLEEEEING.
  6643 | D:7      | 6643 ||| FLEEEEING.
  6648 | D:7      | 6648 ||| STAIRDANCE
  6806 | D:7      | Identified the +3 leather armour of the Swamp {rElec Regen+
                  | rCorr}
  6830 | D:7      | 6830 ||| Stepping ~*~*~tactically~*~*~ (hiding).
  6936 | D:7      | 6936 ||| Stepping ~*~*~tactically~*~*~ (hiding).
  6938 | D:7      | 6938 ||| INVOKING Heroism.
  6951 | D:7      | 6951 ||| INVOKING Heroism.
  7024 | D:7      | Reached ** piety under Okawaru
  7240 | D:7      | Found a runed translucent door.
  7241 | D:7      | Noticed Crazy Yiuf
  7283 | D:8      | 7283 ||| INVOKING Heroism.
  7302 | D:8      | Reached XP level 10. HP: 57/63 MP: 13/13
  7340 | D:8      | Found a staircase to the Lair.
  7345 | D:8      | 7345 ||| INVOKING Heroism.
  7352 | D:8      | Reached skill level 10 in Axes
  7376 | D:8      | 7376 ||| INVOKING Heroism.
  7392 | D:8      | 7392 ||| INVOKING Heroism.
  7418 | D:8      | 7418 ||| INVOKING Heroism.
  7581 | D:8      | 7581 ||| DROPPING +0 morningstar.
  7927 | D:8      | 7927 ||| Stepping ~*~*~tactically~*~*~ (hiding).
  7929 | D:8      | 7929 ||| INVOKING Heroism.
  7930 | D:8      | 7930 ||| DRINKING 3 potions of curing.
  7930 | D:8      | 7930 ||| (to cure confusion)
  8127 | D:8      | 8127 ||| PLANNING LAIR
  8127 | D:8      | 8127 ||| UPGRADING to +0 plate armour.
  8137 | D:8      | 8137 ||| DROPPING +2 chain mail of poison resistance.
  8155 | Lair:1   | Entered Level 1 of the Lair of Beasts
  8189 | Lair:1   | 8189 ||| INVOKING Heroism.
  8274 | Lair:1   | 8274 ||| Stepping ~*~*~tactically~*~*~ (stealth).
  8275 | Lair:1   | 8275 ||| Stepping ~*~*~tactically~*~*~ (stealth).
  8278 | Lair:1   | 8278 ||| INVOKING Heroism.
  8366 | Lair:1   | Reached skill level 6 in Armour
  8371 | Lair:1   | 8371 ||| INVOKING Heroism.
  8386 | Lair:1   | Reached *** piety under Okawaru
  8403 | Lair:1   | Noticed an elephant
  8406 | Lair:1   | Noticed an elephant
  8410 | Lair:1   | Noticed an elephant
  8414 | Lair:1   | Noticed an elephant
  8415 | Lair:1   | 8415 ||| INVOKING Heroism.
  8416 | Lair:1   | Noticed an elephant
  8422 | Lair:1   | Killed an elephant
  8432 | Lair:1   | HP: 13/64 [elephant (8)]
  8433 | Lair:1   | 8433 ||| READING 2 scrolls of teleportation.
  8433 | Lair:1   | Slain by an elephant

Levels and vault maps discovered:
D:1:      ncdulo_lavacross, layout_loops_corners, chequers_arboretum,
          minmay_cut_off
D:2:      layout_basic, dreamdust_ecumenical_altar_angels_and_demons,
          uniq_natasha, uniq_jessica
D:3:      minmay_door_path, layout_rooms, roderic_roman_lattice,
          lexackson_kobold_supper, uniq_terence
D:4:      minmay_angry_zag, layout_loops_ring, gammafunk_ghost_grave,
          uniq_grinder, uniq_menkaure
D:5:      layout_loops_ring, minmay_temple_entry_junction, abandoned_shop
D:6:      layout_basic, nicolae_uskayaw_en_pointe, uniq_pikel, uniq_eustachio
D:7:      layout_rooms, uniq_crazy_yiuf_cottage
D:8:      layout_basic, due_lair_maze_entry_diamond, hangedman_decor_points
Temple:   minmay_crystal_snake_temple
Lair:1:   layout_small_grid, ebering_ghost_disaster_area, grunt_megastairs_4

Skill      XL: |  1  2  3  4  5  6  7  8  9 10 |
---------------+-------------------------------+-----
Axes           | 2 3 4 5 6 9 10 | 10.8
Throwing       | 1 2 |  2.9
Fighting       | 4 5 7 8 |  8.0
Dodging        | 3 |  3.0
Invocations    | 4 |  4.0
Armour         | 4 6 |  6.2
Shields        | 4 5 |  5.1

Action                   |  1- 3 |  4- 6 |  7- 9 | 10-12 || total
-------------------------+-------+-------+-------+-------++-------
Melee: War axe           |    84 |   137 |   275 |   167 ||   663
Throw: Boomerang         |       |    15 |    46 |     9 ||    70
       Javelin           |       |       |    10 |     2 ||    12
Invok: Heroism           |       |       |     8 |     9 ||    17
  Use: Scroll            |     3 |     6 |     7 |     1 ||    17
       Potion            |     1 |     2 |     1 |     1 ||     5
Armor: Scale mail        |    33 |    59 |       |       ||    92
       Chain mail        |       |       |   132 |    68 ||   200
       Skin              |       |       |     1 |       ||     1
       Plate armour      |       |       |       |    44 ||    44
Dodge: Dodged            |    29 |    49 |    85 |    63 ||   226
Block: Buckler           |    15 |    33 |   113 |    86 ||   247
       Reflection        |       |     2 |     1 |     6 ||     9

Table legend:
 A = Non-vault XP
 B = Vault XP
 C = Vault XP percentage of total XP
 D = Non-vault monster count
 E = Vault monster count
 F = Vault count percentage of total count
                 A         B        C        D         E       F
            +---------+---------+-------+---------+---------+-------
      Total |    5099 |    3552 |  41.1 |     138 |      39 |  22.0
            +---------+---------+-------+---------+---------+-------
        D:1 |      21 |       5 |  19.2 |      13 |       3 |  18.8
        D:2 |      35 |      72 |  67.3 |      18 |       2 |  10.0
        D:3 |      73 |      54 |  42.5 |      20 |      12 |  37.5
        D:4 |     370 |     469 |  55.9 |      16 |       4 |  20.0
        D:5 |     537 |       0 |   0.0 |      16 |       0 |   0.0
        D:6 |     590 |     843 |  58.8 |      12 |       2 |  14.3
        D:7 |    1192 |       0 |   0.0 |      19 |       0 |   0.0
        D:8 |    1094 |    1129 |  50.8 |      20 |      11 |  35.5
     Lair:1 |    1187 |     980 |  45.2 |       4 |       5 |  55.6
            +---------+---------+-------+---------+---------+-------
